 Dungeon Crawl Stone Soup version 0.30.0-15-g856e2d3f33 (webtiles) character file.

Game seed: 10933281154685795402

421 loir the Ducker (level 7, 0/45 HPs)
             Began as a Djinni Hedge Wizard on May 20, 2023.
             Shot with an arrow by a centaur (13 damage)
             ... on level 5 of the Dungeon.
             The game lasted 00:44:33 (1919 turns).

loir the Ducker (Djinni Hedge Wizard)               Turns: 1919, Time: 00:44:34

Health: 0/45       AC:  2    Str:  9    XL:     7   Next: 16%
Gold:   170        EV: 13    Int: 18    God:
                   SH:  0    Dex: 12

rFire   + + +        a - +0 dagger
rCold   x x .        (no shield)
rNeg    . . .        b - +0 robe
rPois   ∞            c - +0 hat
rElec   .            (no cloak)
rCorr   .            (no gloves)
SInv    .            (boots unavailable)
Will    .....        e - amulet of regeneration
Stlth   ++           d - ring of fire
HPRegen 1.07/turn    (no ring)
MPRegen 0.00/turn

%: infuse magic (-1 HP)
@: flying
A: sickness immunity, fire resistance 2, cold vulnerability 1, float, innate
caster, HP casting, extra vitality 1
a: no special abilities


You were on level 5 of the Dungeon.
You visited 2 branches of the dungeon, and saw 5 of its levels.

You collected 170 gold pieces.

Inventory:

Hand Weapons
 a - a +0 dagger (weapon)
Armour
 b - a +0 robe (worn)
 c - a +0 hat (worn)
 h - a +0 robe
 k - a +0 cloak
 n - a +0 robe
Magical Staves
 j - a staff of conjuration
Jewellery
 d - a ring of fire (left hand)
 e - an amulet of regeneration (around neck)
Scrolls
 g - 3 scrolls of teleportation
 o - a scroll of identify
Potions
 f - a potion of cancellation
 i - a potion of degeneration {unknown}
 l - 2 potions of heal wounds {unknown}
 m - a potion of resistance {unknown}
 p - a potion of brilliance {unknown}


   Skills:
 + Level 4.8 Dodging
 + Level 3.9 Stealth
 + Level 3.8 Spellcasting


You knew the following spells:

 Your Spells              Type           Power      Damage    Failure   Level
a - Magic Dart            Conj           68%        1d6       3%          1
b - Slow                  Hex            68%        N/A       3%          1
c - Blink                 Tloc           34%        N/A       4%          2
d - Call Imp              Summ           34%        N/A       4%          2
e - Mephitic Cloud        Conj/Pois/Air  17%        N/A       9%          3
f - Sandblast             Erth           34%        2d9       3%          1
g - Ensorcelled Hibernat  Hex/Ice        34%        N/A       4%          2
h - Spider Form           Tmut/Pois      17%        N/A       9%          3
Your spell library was empty.

Dungeon Overview and Level Annotations

Branches:
Dungeon (5/15)             Temple (1/1) D:4

Altars:
Ashenzari
Dithmenos
Hepliaklqana
Nemelex Xobeh
Okawaru
Ru
Trog
Yredelemnul
The Shining One

Annotations:
D:4 exclusion: oklob sapling


Innate Abilities, Weirdness & Mutations

You are immune to sickness and miasma.
You are immune to poison.
Your flesh is very heat resistant. (rF++)
You are vulnerable to cold. (rC-)
You float through the air rather than walking.
You learn spells naturally, not from books.
Your magical power is your life essence.
You have superior vitality. (+4 MHP)


Message History

Aim: an endoplasm (almost dead, ally target, 100% to hit)
Really fire in your cerulean imp's direction? [Y]es or [N]o only, please.
Really fire in your cerulean imp's direction?
Okay, then.
Your cerulean imp hits the endoplasm from afar with a -3 spear.
The endoplasm dies!
Your cerulean imp disappears in a puff of smoke!
Found a whip.
Found a stone staircase leading down.
g - 2 scrolls of teleportation (gained 1)
You now have 151 gold pieces (gained 8).
Partly explored, can't reach some places.
Partly explored, can't reach some places.
There is a stone staircase leading down here.
You fly downwards.
Found a scroll of teleportation.
There is a stone staircase leading up here.
g - 3 scrolls of teleportation (gained 1)
m - a green potion
o - a scroll of identify You now have 170 gold pieces (gained 19).
A centaur comes into view.
Aiming: Magic Dart (safe; 3% risk of failure)
Press: ? - help, Q - select action, (/) - cycle Shift-Dir - straight line, f - centaur
Aim: a centaur (asleep, 100% to hit)
The magic dart hits the centaur but does no damage.
The centaur shouts!
The centaur wields a +0 shortbow.
The centaur shoots an arrow.
The arrow hits you!
Aiming: Magic Dart (safe; 3% risk of failure)
Press: ? - help, Q - select action, (/) - cycle Shift-Dir - straight line, f/p - centaur
Aim: a centaur, wielding a +0 shortbow (100% to hit)
The magic dart hits the centaur.
The centaur is lightly wounded.
The centaur shoots an arrow.
The arrow hits you!
The centaur shoots an arrow.
The arrow hits you!
* * * LOW HITPOINT WARNING * * *
The centaur shoots an arrow.
The arrow hits you!
You die...

##### ##..# ##...##
#...# #.....# #...#
#.....## #....
##.....# #....
#.....## ##....
#......### ###....#
#........####......#
#..@...............#
#....#####........##
#....# ##########
#.....# #........#
.........##
#........##
#....c....
#.......!..


You could see a centaur.

Vanquished Creatures
  An ogre (D:4)
  A hound (D:4)
  3 orc priests (D:4)
  An iguana (D:4)
  An orc wizard (D:4)
  A sleepcap (D:4)
  3 adders
  An ufetubus (D:4)
  A dart slug (D:4)
  8 orcs (D:4)
  8 bats
  7 endoplasms
  A giant cockroach (D:4)
  7 hobgoblins
  3 quokkas (D:1)
  6 ball pythons
  5 frilled lizards
  5 goblins
  2 kobolds
  6 rats
71 creatures vanquished.

Vanquished Creatures (collateral kills)
  An orc priest (D:4)
  An orc (D:4)
  An endoplasm (D:4)
  A hobgoblin (D:4)
  A bat (D:1)
5 creatures vanquished.

Grand Total: 76 creatures vanquished

Notes
Turn   | Place    | Note
-------+----------+-------------------------------------------
     0 | D:1      | loir the Djinni Hedge Wizard began the quest for the Orb.
     0 | D:1      | loir set off with the following spells memorised: Magic
                  | Dart, Slow, Blink, Call Imp, Mephitic Cloud.
     0 | D:1      | Reached XP level 1. HP: 15/15 MP: 0/0
   129 | D:1      | Reached XP level 2. HP: 21/21 MP: 0/0
   312 | D:1      | Found a faded altar of an unknown god.
   356 | D:1      | Reached XP level 3. HP: 23/25 MP: 0/0
   356 | D:1      | Learned a level 1 spell: Sandblast
   866 | D:2      | Reached skill level 3 in Dodging
   885 | D:2      | Reached XP level 4. HP: 31/31 MP: 0/0
   946 | D:2      | You are sucked into a shaft and drop 2 floors!
  1030 | D:4      | Reached XP level 5. HP: 17/35 MP: 0/0
  1030 | D:4      | Learned a level 2 spell: Ensorcelled Hibernation
  1062 | D:4      | Noticed an ogre
  1068 | D:4      | Killed an ogre
  1069 | D:4      | Reached skill level 4 in Dodging
  1161 | D:4      | Reached XP level 6. HP: 40/40 MP: 0/0
  1167 | D:4      | Found a glowing drain.
  1205 | D:4      | Found a staircase to the Ecumenical Temple.
  1223 | Temple   | Entered the Ecumenical Temple
  1573 | D:4      | Reached XP level 7. HP: 24/45 MP: 0/0
  1573 | D:4      | Learned a level 3 spell: Spider Form
  1874 | D:5      | Entered Level 5 of the Dungeon
  1919 | D:5      | Shot with an arrow by a centaur

Illustrated notes

Levels and vault maps discovered:
D:1:      saegor_arrival_simple_e, layout_loops_cross,
          shapermc_ecumenical_altar_venn
D:2:      layout_basic, minmay_misc_feat_secret_circle
D:4:      layout_cave_pods, minmay_temple_entry_oklob, portal_sewer_entry_a
D:5:      layout_layer_cave
Temple:   cyrus_temple_forest

Skill      XL: |  1  2  3  4  5 |
---------------+----------------+-----
Stealth        | 2 3 |  3.9
Dodging        | 3 4 |  4.8
Spellcasting   | 3 |  3.8

Action                     |  1- 3 |  4- 6 |  7- 9 || total
---------------------------+-------+-------+-------++-------
  Melee: Dagger            |       |     4 |       ||     4
   Cast: Magic Dart        |    73 |    69 |    12 ||   154
         Call Imp          |     3 |     1 |     2 ||     6
         Slow              |     2 |     2 |       ||     4
         Sandblast         |     2 |    25 |    21 ||    48
         Ensorcelled Hiber |       |     1 |       ||     1
         Mephitic Cloud    |       |     4 |     4 ||     8
         Blink             |       |     1 |       ||     1
    Use: Scroll            |     2 |     4 |     2 ||     8
 Armour: Robe              |     7 |     8 |     1 ||    16
  Dodge: Dodged            |     5 |    20 |    12 ||    37
